 Dungeon Crawl Stone Soup version 0.20.1-1-g8b1a95d (webtiles) character file.

61 Romulous the Covered (level 3, 33/33 HPs)
             Began as a Minotaur Fighter on Nov 7, 2017.
             Got out of the dungeon alive.
             The game lasted 00:06:39 (1390 turns).

Romulous the Covered (Minotaur Fighter)             Turns: 1390, Time: 00:06:40

Health: 33/33      AC:  9    Str: 21    XL:     3   Next: 83%
Magic:  2/2        EV:  3    Int:  5    God:
Gold:   101        SH: 14    Dex:  9    Spells: 2/2 levels left

rFire    . . .     SeeInvis .   a - +0 war axe
rCold    . . .     Gourm    .   j - +0 large shield
rNeg     . . .     Faith    .   p - +0 chain mail
rPois    .         Spirit   .   (helmet restricted)
rElec    .         Reflect  .   (no cloak)
rCorr    .         Harm     +   (no gloves)
MR       .....                  (no boots)
Stlth    ..........             s - amulet of harm
Regen    0.2/turn               (no ring)
MPRegen  0.1/turn               (no ring)

@: no status effects
A: retaliatory headbutt, horns 2
a: no special abilities


You escaped.
You were not hungry.

You visited 1 branch of the dungeon, and saw 2 of its levels.

You collected 101 gold pieces.

Inventory:

Hand Weapons
 a - a +0 war axe (weapon)
Armour
 b - a +0 scale mail
 c - a +0 shield
 j - a +0 large shield (worn)
 p - a +0 chain mail (worn)
Jewellery
 s - an amulet of harm (around neck)
Scrolls
 h - 3 scrolls of identify {unknown}
 m - a scroll of fog {unknown}
 o - 2 scrolls of teleportation {unknown}
Potions
 d - 6 potions of might
 e - a potion of flight {unknown}
 g - a potion of haste {unknown}
 i - 2 potions of curing {unknown}
 l - a potion of magic {unknown}
 n - 2 potions of lignification {unknown}
 r - a potion of agility {unknown}
Comestibles
 f - 3 bread rations
 k - a meat ration
 q - a chunk of flesh


   Skills:
 + Level 4.2 Fighting
 + Level 3.2 Axes
 + Level 4.3 Armour
 + Level 0.7 Dodging
 + Level 4.1 Shields


You had 2 spell levels left.
You didn't know any spells.

Dungeon Overview and Level Annotations

Branches:
Dungeon (2/15)

Altars:
Kikubaaqudgha
Ru


Innate Abilities, Weirdness & Mutations

You reflexively headbutt those who attack you in melee.
You have a pair of horns on your head.


Message History

The bat completely misses you. You block the bat's attack. The bat hits you.
You block the bat's attack. You block the bat's attack.
You enter the shallow water.
Moving in this stuff is going to be slow.
You block the bat's attack. You block the bat's attack.
The bat hits you but does no damage.
You enter the shallow water.
Moving in this stuff is going to be slow.
The bat hits you but does no damage. You block the bat's attack.
You block the bat's attack. The bat barely misses you.
There is a staircase leading out of the dungeon here.
Are you sure you want to leave the Dungeon?
This will make you lose the game! The bat barely misses you.
You have escaped!

#.####### #...########.....#
#.##.##.#### ##..#####..##....#
#.#.)##....#########...####....#
#.#.....#..##..≈.....≈...##..###
#.######....≈.≈≈≈≈≈....#..##.###
#.####......≈≈)≈≈≈≈.≈)###..#....
#.##..#..≈≈≈≈≈≈.≈≈≈≈≈≈..##.....)
#.#.##...≈≈≈≈≈≈.b≈≈≈≈≈≈##.......
#.###.##..≈≈≈..@.≈≈≈≈≈..##.#....
#.##.##..≈≈≈≈≈...≈≈≈≈≈...###....
#....#..≈≈..≈≈≈.≈≈≈≈≈.≈.≈.##....
#...##.≈...≈≈≈≈≈.≈....≈≈≈..#....
###.#....##.≈≈≈≈≈.≈..≈≈≈≈(##....
#.###..#...........≈≈...##....
####..#.#.###)###.≈...###.....
#...####### ##..##.######.....
##### ####### #........


You could see a bat.

Vanquished Creatures
  An adder (D:2)
  2 dart slugs
  A leopard gecko (D:2)
  3 ball pythons
  4 giant cockroaches
  4 goblins (D:1)
  4 hobgoblins
  9 jackals
  7 bats
  A frilled lizard (D:1)
  2 kobolds
  6 rats
44 creatures vanquished.

Notes
Turn   | Place    | Note
-------+----------+-------------------------------------------
     0 | D:1      | Romulous the Minotaur Fighter began the quest for the Orb.
     0 | D:1      | Reached XP level 1. HP: 19/19 MP: 0/0
    77 | D:1      | Reached XP level 2. HP: 24/27 MP: 1/1
   522 | D:1      | Reached XP level 3. HP: 30/33 MP: 2/2
   951 | D:2      | Found a sacrificial altar of Ru.
   995 | D:2      | Found an ancient bone altar of Kikubaaqudgha.
  1390 | D:$      | Got out of the dungeon alive.

Skill      XL: |  1  2  3 |
---------------+----------+-----
Armour         | 4 |  4.3
Fighting       | 4 |  4.2
Axes           | 3 |  3.2
Shields        | 4 |  4.1
Dodging        | |  0.7

Action                   || total
-------------------------++-------
Melee: War axe           ||   100
       Headbutt          ||    18
  Eat: Chunk             ||     2
Armor: Scale mail        ||    31
       Chain mail        ||    32
Dodge: Dodged            ||    25
Block: Shield            ||    26
       Large shield      ||    68
